WCHLSIM.com - West Coast Hockey League
html PUBLIC "-//W3C//DTD XHTML 1.0 Transitional//EN" "http://www.w3.org/TR/xhtml1/DTD/xhtml1-transitional.dtd"> WCHL - Game 68 - KANSAS CITY KILLERBEES vs TEXAS TOROS

KANSAS CITY KILLERBEES vs TEXAS TOROS

Created - 22 octobre 2022 at 21:00

Goals
1 2 3 T
KANSAS CITY KILLERBEES 1 0 2 3
TEXAS TOROS 1 1 3 5
Shots
1 2 3 T
KANSAS CITY KILLERBEES 4 7 13 24
TEXAS TOROS 8 13 15 36

1st period

1. KANSAS CITY KILLERBEES , Alexis Lafreniere 1 (Cam Fowler 2, Zach Aston-Reese 1) at 12:04
2. TEXAS TOROS , Trevor Zegras 2 (Jason Zucker 2) at 19:06 (PP)

Penalties :
Jakub Zboril (KCK) for Tripping (Minor) at 0:19, Dante Fabbro (TEX) for Roughing (Minor) at 6:52, Jakub Zboril (KCK) for High sticking (Minor) at 19:04

2nd period

3. TEXAS TOROS , Ryan Suter 1 (Vladislav Namestnikov 1, Trevor Zegras 3) at 9:38

Penalties :
Alexis Lafreniere (KCK) for Holding (Minor) at 1:09, Zach Aston-Reese (KCK) for Cross-checking (Minor) at 19:17

3rd period

4. KANSAS CITY KILLERBEES , Mason Marchment 3 (Yegor Sharangovich 3, Cam Fowler 3) at 2:01
5. TEXAS TOROS , Barrett Hayton 2 (Tyson Barrie 3, Eetu Luostarinen 4) at 6:45 (PP)
6. TEXAS TOROS , Yegor Chinakhov 1 (Ryan Suter 1, Nate Schmidt 3) at 10:56
7. KANSAS CITY KILLERBEES , Yegor Sharangovich 1 (Mason Marchment 1, James van Riemsdyk 2) at 14:18
8. TEXAS TOROS , Barrett Hayton 3 (Eetu Luostarinen 5, Richard Panik 2) at 18:37

Penalties :
Brandon Duhaime (TEX) for High sticking (Minor) at 2:28, MacKenzie Entwistle (KCK) for Hooking (Minor) at 6:41, Zach Aston-Reese (KCK) for Hooking (Minor) at 7:45

Goalie Stats

Ilya Samsonov (KCK), 31 saves from 36 shots - (0,861), L, 0-6-0, 60:00 minutes
Philipp Grubauer (TEX), 21 saves from 24 shots - (0,875), W, 2-2-0, 60:00 minutes

Players Stats for KANSAS CITY KILLERBEES

Player Name              G  A  P  +/- PIM S  H  SB GA TA FO     MP     PP MP  PK MP  
------------------------------------------------------------------------------------
Alexis Lafreniere        1  0  1   0  2   2  0  0  0  0  4/21   16:44   1:42   0:32 
Anders Bjork             0  0  0   0  0   1  0  0  0  0  0/0    10:15   0:00   0:00 
Buddy Robinson           0  0  0  -1  0   1  3  0  0  0  0/6     6:39   0:00   0:00 
Cam Fowler               0  2  2   0  0   1  0  3  0  0  0/0    29:08   2:16   3:58 
Jacob Muzzin             0  0  0   0  0   0  1  5  0  0  0/0    26:58   2:16   3:48 
Jake Lucchini            0  0  0  -1  0   0  0  0  0  0  0/1     7:01   0:00   0:22 
Jakub Zboril             0  0  0  -1  4   1  4  1  0  0  0/0    16:48   0:00   0:00 
James van Riemsdyk       0  1  1   1  0   4  0  0  0  0  4/8    21:21   1:42   3:04 
K'Andre Miller           0  0  0  -1  0   0  2  0  0  0  0/0    22:44   1:42   4:04 
Keith Yandle             0  0  0   1  0   0  0  0  0  0  0/0    11:50   1:42   0:10 
MacKenzie Entwistle      0  0  0   0  2   0  3  0  0  0  1/1    10:14   0:00   0:00 
Mason Marchment          1  1  2   1  0   3  5  1  0  0  3/9    22:55   2:16   4:04 
Michael Chaput           0  0  0  -1  0   1  1  0  0  0  0/0     6:39   0:00   0:00 
Ryan Dzingel             0  0  0   0  0   3  0  0  0  0  12/19  17:29   2:16   4:58 
Tyler Johnson            0  0  0   0  0   0  0  0  0  0  0/0    14:31   0:00   0:00 
Will Butcher             0  0  0   1  0   0  0  1  0  0  0/0    12:30   0:00   4:04 
Yegor Sharangovich       1  1  2   1  0   6  0  1  0  0  5/16   21:55   2:16   3:04 
Zach Aston-Reese         0  1  1   0  4   1  1  0  0  0  0/1    16:11   1:42   0:00 

Players Stats for TEXAS TOROS

Player Name              G  A  P  +/- PIM S  H  SB GA TA FO     MP     PP MP  PK MP  
------------------------------------------------------------------------------------
Barrett Hayton           2  0  2   0  0   5  2  0  0  0  2/2    20:28   4:16   1:40 
Brandon Duhaime          0  0  0   0  2   1  5  0  0  0  0/0    12:38   0:00   0:00 
Connor Bunnaman          0  0  0   1  0   0  0  0  0  0  4/4     4:52   0:00   0:00 
Dante Fabbro             0  0  0  -1  2   0  2  1  0  0  0/0    20:33   4:18   1:06 
Eetu Luostarinen         0  2  2   0  0   6  2  0  0  0  19/32  21:06   4:16   2:18 
Erik Gustafsson          0  0  0   0  0   0  0  0  0  0  0/0    14:00   0:00   0:46 
Jason Zucker             0  1  1  -1  0   1  1  0  0  0  1/1    19:43   3:46   0:00 
Miles Wood               0  0  0   1  0   0  0  0  0  0  0/0     4:52   0:00   0:00 
Nate Schmidt             0  1  1   1  0   0  0  0  0  0  0/0    25:26   3:44   2:06 
Owen Power               0  0  0   0  0   2  0  2  0  0  0/0    13:14   0:00   0:00 
Richard Panik            0  1  1   0  0   3  0  0  0  0  0/1    18:48   4:16   0:00 
Ryan Poehling            0  0  0   0  0   1  0  0  0  0  10/11  12:39   0:00   0:00 
Ryan Suter               1  1  2   1  0   4  2  0  0  0  0/0    25:26   3:44   2:06 
Taylor Raddysh           0  0  0   0  0   3  0  0  0  0  0/0    12:39   0:00   0:00 
Trevor Zegras            1  1  2  -1  0   6  1  0  0  0  16/27  22:01   3:46   2:18 
Tyson Barrie             0  1  1  -1  0   1  1  1  0  0  0/0    21:20   4:18   1:52 
Vladislav Namestnikov    0  1  1  -1  0   2  1  0  0  0  1/4    21:23   3:46   1:40 
Yegor Chinakhov          1  0  1   1  0   1  0  0  0  0  0/0     4:52   0:00   0:00 

3 Stars

1 - Barrett Hayton (TEX)
2 - Mason Marchment (KCK)
3 - Ryan Suter (TEX)

Power Play

KANSAS CITY KILLERBEES - 0 on 2 Attempt(s) - 0,00%
TEXAS TOROS - 2 on 6 Attempt(s) - 33,33%

Penalty Kill

KANSAS CITY KILLERBEES - 4 on 6 Attempt(s) - 66,67% - Score 0 goal in Penalty Kill
TEXAS TOROS - 2 on 2 Attempt(s) - 100,00% - Score 0 goal in Penalty Kill

Team Stat

KANSAS CITY KILLERBEES - Hits : 20 - Faceoff Wins : 29 - Blocked Shots : 12 - Penalty Minutes : 12
TEXAS TOROS - Hits : 17 - Faceoff Wins : 53 - Blocked Shots : 4 - Penalty Minutes : 4

Official

Referees : Justin Kea and Troy Paterson
Linesman : Libor Suchanek and Colin Gates

Game Notes

No Game Note

Finance

Level 1 -- Attendance: 5433 (83,58%) -- Ticket Income 923 610 $
Level 2 -- Attendance: 3755 (68,27%) -- Ticket Income 450 600 $
Level 3 -- Attendance: 1768 (58,93%) -- Ticket Income 159 120 $
Level 4 -- Attendance: 4877 (97,54%) -- Ticket Income 292 620 $
Luxury Box -- Attendance: 655 (65,50%) -- Ticket Income 262 000 $
Game was played at the Red Bull Arena.
Total Attendance: 16488 (78,51%)
Total Ticket Income: 2 087 950 $
Other Expense: 20 880 $
Total Income: 2 067 070 $

KANSAS CITY KILLERBEES

5 vs 5 Forward 
   Center                   Left Wing                Right Wing               Time % Phy DF OF 
 1 Yegor Sharangovich       James van Riemsdyk       Mason Marchment          36     1   2  2  
 2 Alexis Lafreniere        Zach Aston-Reese         Tyler Johnson            31     1   2  2  
 3 Ryan Dzingel             Anders Bjork             MacKenzie Entwistle      23     1   2  2  
 4 Buddy Robinson           Michael Chaput           Jake Lucchini            10     1   2  2  

5 vs 5 Defense 
   Defense                  Defense                                           Time % Phy DF OF 
 1 Jakub Zboril             Jacob Muzzin                                      36     1   2  2  
 2 K'Andre Miller           Cam Fowler                                        31     1   2  2  
 3 Jacob Muzzin             Keith Yandle                                      23     1   2  2  
 4 Will Butcher             Cam Fowler                                        10     1   2  2  

PowerPlay Forward 
   Center                   Left Wing                Right Wing               Time % Phy DF OF 
 1 Ryan Dzingel             Yegor Sharangovich       Mason Marchment          55     1   2  2  
 2 James van Riemsdyk       Alexis Lafreniere        Zach Aston-Reese         45     1   2  2  

PowerPlay Defense
   Defense                  Defense                                           Time % Phy DF OF 
 1 Cam Fowler               Jacob Muzzin                                      55     1   2  2  
 2 K'Andre Miller           Keith Yandle                                      45     1   2  2  

Penalty Kill 4 Players Forward 
   Center                   Wing                     Time % Phy DF OF 
 1 Mason Marchment          Ryan Dzingel             55     1   2  2  
 2 James van Riemsdyk       Yegor Sharangovich       45     1   2  2  

Penalty Kill 4 Players Defense
   Defense                  Defense                  Time % Phy DF OF 
 1 Cam Fowler               Jacob Muzzin             55     1   2  2  
 2 K'Andre Miller           Will Butcher             45     1   2  2  

Penalty Kill - 3 Players Forward 
   Forward                                           Time % Phy DF OF 
 1 Ryan Dzingel                                      55     1   2  2  
 2 Mason Marchment                                   45     1   2  2  

Penalty Kill - 3 Players Defense
   Defense                  Defense                  Time % Phy DF OF 
 1 Cam Fowler               Jacob Muzzin             55     1   2  2  
 2 K'Andre Miller           Will Butcher             45     1   2  2  

4 vs 4 Forward 
   Center                   Wing                     Time % Phy DF OF 
 1 Mason Marchment          Ryan Dzingel             55     1   2  2  
 2 Yegor Sharangovich       James van Riemsdyk       45     1   2  2  

4 vs 4 Defense
   Defense                  Defense                  Time % Phy DF OF 
 1 Cam Fowler               Jacob Muzzin             55     1   2  2  
 2 K'Andre Miller           Keith Yandle             45     1   2  2  

Last Minutes Offensive
   Center                   Left Wing                Right Wing               Defense                  Defense                  
   Yegor Sharangovich       James van Riemsdyk       Mason Marchment          K'Andre Miller           Jacob Muzzin             

Last Minutes Defensive
   Center                   Left Wing                Right Wing               Defense                  Defense                  
   Yegor Sharangovich       James van Riemsdyk       Mason Marchment          K'Andre Miller           Jacob Muzzin             

Goaltenders
Starting : Ilya Samsonov            
Backup : Casey DeSmith            

Extra Forwards
Normal : Ryan Dzingel, Mason Marchment, Tyler Johnson - PP : Ryan Dzingel, Mason Marchment - PK : Ryan Dzingel
Extra Defensemen
Normal : Cam Fowler, Jacob Muzzin, K'Andre Miller - PP : Jacob Muzzin - PK : Jacob Muzzin, K'Andre Miller
Penalty Shots
Tyler Johnson, Michael Chaput, Anders Bjork, Ryan Dzingel, Mason Marchment
Custom OT Lines Forwards
Tyler Johnson, Anders Bjork, Buddy Robinson, Mason Marchment, MacKenzie Entwistle, Ryan Dzingel, Jake Lucchini, James van Riemsdyk, Yegor Sharangovich, Michael Chaput
Custom OT Lines Defensemen
Cam Fowler, Jacob Muzzin, K'Andre Miller, Keith Yandle, Will Butcher

Scratches
Colin Miller (Right Hand Injury), Cody McLeod (Healthy), Jeff Kubiak (Healthy), Brett Connolly (Healthy)

TEXAS TOROS

5 vs 5 Forward 
   Center                   Left Wing                Right Wing               Time % Phy DF OF 
 1 Trevor Zegras            Vladislav Namestnikov    Jason Zucker             36     1   2  2  
 2 Eetu Luostarinen         Barrett Hayton           Richard Panik            31     1   2  2  
 3 Ryan Poehling            Brandon Duhaime          Taylor Raddysh           23     1   2  2  
 4 Connor Bunnaman          Miles Wood               Yegor Chinakhov          10     1   2  2  

5 vs 5 Defense 
   Defense                  Defense                                           Time % Phy DF OF 
 1 Ryan Suter               Nate Schmidt                                      36     1   2  2  
 2 Tyson Barrie             Dante Fabbro                                      31     1   2  2  
 3 Owen Power               Erik Gustafsson                                   23     1   2  2  
 4 Ryan Suter               Nate Schmidt                                      10     1   2  2  

PowerPlay Forward 
   Center                   Left Wing                Right Wing               Time % Phy DF OF 
 1 Trevor Zegras            Vladislav Namestnikov    Jason Zucker             55     1   2  2  
 2 Eetu Luostarinen         Barrett Hayton           Richard Panik            45     1   2  2  

PowerPlay Defense
   Defense                  Defense                                           Time % Phy DF OF 
 1 Ryan Suter               Nate Schmidt                                      55     1   2  2  
 2 Tyson Barrie             Dante Fabbro                                      45     1   2  2  

Penalty Kill 4 Players Forward 
   Center                   Wing                     Time % Phy DF OF 
 1 Trevor Zegras            Eetu Luostarinen         55     1   2  2  
 2 Vladislav Namestnikov    Barrett Hayton           45     1   2  2  

Penalty Kill 4 Players Defense
   Defense                  Defense                  Time % Phy DF OF 
 1 Ryan Suter               Nate Schmidt             55     1   2  2  
 2 Tyson Barrie             Dante Fabbro             45     1   2  2  

Penalty Kill - 3 Players Forward 
   Forward                                           Time % Phy DF OF 
 1 Trevor Zegras                                     55     1   2  2  
 2 Eetu Luostarinen                                  45     1   2  2  

Penalty Kill - 3 Players Defense
   Defense                  Defense                  Time % Phy DF OF 
 1 Ryan Suter               Nate Schmidt             55     1   2  2  
 2 Tyson Barrie             Dante Fabbro             45     1   2  2  

4 vs 4 Forward 
   Center                   Wing                     Time % Phy DF OF 
 1 Trevor Zegras            Eetu Luostarinen         55     1   2  2  
 2 Vladislav Namestnikov    Barrett Hayton           45     1   2  2  

4 vs 4 Defense
   Defense                  Defense                  Time % Phy DF OF 
 1 Ryan Suter               Nate Schmidt             55     1   2  2  
 2 Tyson Barrie             Dante Fabbro             45     1   2  2  

Last Minutes Offensive
   Center                   Left Wing                Right Wing               Defense                  Defense                  
   Trevor Zegras            Vladislav Namestnikov    Jason Zucker             Ryan Suter               Nate Schmidt             

Last Minutes Defensive
   Center                   Left Wing                Right Wing               Defense                  Defense                  
   Trevor Zegras            Vladislav Namestnikov    Jason Zucker             Ryan Suter               Nate Schmidt             

Goaltenders
Starting : Philipp Grubauer         
Backup : Adin Hill                

Extra Forwards
Normal : Taylor Raddysh, Ryan Poehling, Brandon Duhaime - PP : Taylor Raddysh, Ryan Poehling - PK : Brandon Duhaime
Extra Defensemen
Normal : Owen Power, Erik Gustafsson, Tyson Barrie - PP : Owen Power - PK : Erik Gustafsson, Tyson Barrie
Penalty Shots
Trevor Zegras, Eetu Luostarinen, Vladislav Namestnikov, Barrett Hayton, Jason Zucker
Custom OT Lines Forwards
Trevor Zegras, Eetu Luostarinen, Vladislav Namestnikov, Barrett Hayton, Jason Zucker, Richard Panik, Taylor Raddysh, Ryan Poehling, Brandon Duhaime, Yegor Chinakhov
Custom OT Lines Defensemen
Ryan Suter, Nate Schmidt, Tyson Barrie, Dante Fabbro, Owen Power

Scratches
Alec Martinez (Left Hand Injury)

% Time on Ice - KANSAS CITY KILLERBEES

Lines # - Real PCT - Wanted PCT - Time Play
Normal Forward
1 - 35% - 36% - 16:35
2 - 30% - 31% - 14:31
3 - 21% - 23% - 10:15
4 - 14% - 10% - 6:39
Normal Defense
1 - 31% - 36% - 15:03
2 - 35% - 31% - 16:58
3 - 17% - 23% - 8:11
4 - 16% - 10% - 7:48
PP Forward
1 - 57% - 55% - 2:16
2 - 43% - 45% - 1:42
PP Defense
1 - 57% - 55% - 2:16
2 - 43% - 45% - 1:42
PK Forward
1 - 62% - 55% - 4:58
2 - 38% - 45% - 3:04
PK Defense
1 - 49% - 55% - 3:58
2 - 51% - 45% - 4:04
PK3 Forward
1 - 0% - 55%
2 - 0% - 45%
PK3 Defense
1 - 0% - 55%
2 - 0% - 45%
44 Forward
1 - 0% - 55%
2 - 0% - 45%
44 Defense
1 - 0% - 55%
2 - 0% - 45%
Last Minute Offensive  - 0:00
Last Minute Defensive  - 0:00
Total
Forward - 60:00
Defense - 60:00

% Time on Ice - TEXAS TOROS

Lines # - Real PCT - Wanted PCT - Time Play
Normal Forward
1 - 33% - 36% - 15:57
2 - 30% - 31% - 14:32
3 - 26% - 23% - 12:39
4 - 10% - 10% - 4:52
Normal Defense
1 - 36% - 36% - 17:11
2 - 32% - 31% - 15:10
3 - 28% - 23% - 13:14
4 - 5% - 10% - 2:25
PP Forward
1 - 47% - 55% - 3:46
2 - 53% - 45% - 4:16
PP Defense
1 - 46% - 55% - 3:44
2 - 54% - 45% - 4:18
PK Forward
1 - 58% - 55% - 2:18
2 - 42% - 45% - 1:40
PK Defense
1 - 53% - 55% - 2:06
2 - 47% - 45% - 1:52
PK3 Forward
1 - 0% - 55%
2 - 0% - 45%
PK3 Defense
1 - 0% - 55%
2 - 0% - 45%
44 Forward
1 - 0% - 55%
2 - 0% - 45%
44 Defense
1 - 0% - 55%
2 - 0% - 45%
Last Minute Offensive  - 0:00
Last Minute Defensive  - 0:00
Total
Forward - 60:00
Defense - 60:00

Play-by-Play

1st period


0:01 of 1st period - Trevor Zegras wins face-off versus Yegor Sharangovich in neutral zone.
0:09 of 1st period - Yegor Sharangovich is hit by Jason Zucker and loses puck.
0:19 of 1st period - Minor Penalty to Jakub Zboril for Tripping.
0:20 of 1st period - Mason Marchment wins face-off versus Eetu Luostarinen in KANSAS CITY KILLERBEES zone.
0:41 of 1st period - Shot by Barrett Hayton.
0:41 of 1st period - Stopped by Ilya Samsonov with a rebound.
1:38 of 1st period - Shot by Trevor Zegras.
1:38 of 1st period - Stopped by Ilya Samsonov without a rebound.
1:39 of 1st period - James van Riemsdyk wins face-off versus Trevor Zegras in KANSAS CITY KILLERBEES zone.
1:50 of 1st period - Shot by Vladislav Namestnikov.
1:50 of 1st period - Stopped by Ilya Samsonov with a rebound.
2:21 of 1st period - Shot by Trevor Zegras.
2:21 of 1st period - Shot Misses the Net.
3:24 of 1st period - Shot by Barrett Hayton.
3:24 of 1st period - Stopped by Ilya Samsonov with a rebound.
3:27 of 1st period - Icing by Cam Fowler.
3:28 of 1st period - Connor Bunnaman wins face-off versus Buddy Robinson in KANSAS CITY KILLERBEES zone.
4:31 of 1st period - Shot by Eetu Luostarinen.
4:31 of 1st period - Shot Blocked by Jacob Muzzin.
4:39 of 1st period - Nate Schmidt is hit by Mason Marchment.
5:02 of 1st period - Icing by Nate Schmidt.
5:03 of 1st period - Ryan Dzingel wins face-off versus Eetu Luostarinen in TEXAS TOROS zone.
5:19 of 1st period - Icing by Cam Fowler.
5:20 of 1st period - Ryan Dzingel wins face-off versus Trevor Zegras in KANSAS CITY KILLERBEES zone.
6:13 of 1st period - Shot by Yegor Sharangovich.
6:13 of 1st period - Stopped by Philipp Grubauer without a rebound.
6:14 of 1st period - Ryan Poehling wins face-off versus Alexis Lafreniere in TEXAS TOROS zone.
6:46 of 1st period - Zach Aston-Reese is hit by Dante Fabbro and loses puck.
6:52 of 1st period - Minor Penalty to Dante Fabbro for Roughing.
6:53 of 1st period - Trevor Zegras wins face-off versus Ryan Dzingel in TEXAS TOROS zone.
7:48 of 1st period - Ryan Suter is hit by Mason Marchment and loses puck.
8:21 of 1st period - Shot by James van Riemsdyk.
8:21 of 1st period - Stopped by Philipp Grubauer without a rebound.
8:22 of 1st period - Vladislav Namestnikov wins face-off versus Alexis Lafreniere in TEXAS TOROS zone.
8:30 of 1st period - Icing by K'Andre Miller.
8:31 of 1st period - James van Riemsdyk wins face-off versus Vladislav Namestnikov in KANSAS CITY KILLERBEES zone.
8:55 of 1st period - Shot by Taylor Raddysh.
8:55 of 1st period - Shot Misses the Net.
9:23 of 1st period - Shot by Ryan Poehling.
9:23 of 1st period - Deflect By Brandon Duhaime.
9:23 of 1st period - Stopped by Ilya Samsonov without a rebound.
9:24 of 1st period - MacKenzie Entwistle wins face-off versus Trevor Zegras in KANSAS CITY KILLERBEES zone.
9:24 of 1st period - MacKenzie Entwistle is hit by Vladislav Namestnikov.
9:54 of 1st period - Shot by Trevor Zegras.
9:54 of 1st period - Stopped by Ilya Samsonov without a rebound.
9:55 of 1st period - Yegor Sharangovich wins face-off versus Eetu Luostarinen in KANSAS CITY KILLERBEES zone.
10:12 of 1st period - Icing by K'Andre Miller.
10:13 of 1st period - Connor Bunnaman wins face-off versus Yegor Sharangovich in KANSAS CITY KILLERBEES zone.
10:28 of 1st period - Yegor Sharangovich is hit by Ryan Suter and loses puck.
10:33 of 1st period - Shot by Yegor Sharangovich.
10:33 of 1st period - Deflect By James van Riemsdyk.
10:33 of 1st period - Shot Misses the Net.
11:14 of 1st period - Off-side.
11:15 of 1st period - Eetu Luostarinen wins face-off versus Ryan Dzingel in neutral zone.
11:26 of 1st period - Shot by Barrett Hayton.
11:26 of 1st period - Shot Blocked by Jacob Muzzin.
11:34 of 1st period - Shot by Eetu Luostarinen.
11:34 of 1st period - Stopped by Ilya Samsonov without a rebound.
11:35 of 1st period - Trevor Zegras wins face-off versus Alexis Lafreniere in KANSAS CITY KILLERBEES zone.
12:04 of 1st period - Shot by Alexis Lafreniere.
12:04 of 1st period - Goal by Alexis Lafreniere - KANSAS CITY KILLERBEES : 1 - TEXAS TOROS : 0.
12:05 of 1st period - Yegor Sharangovich wins face-off versus Eetu Luostarinen in neutral zone.
12:38 of 1st period - Shot by James van Riemsdyk.
12:38 of 1st period - Stopped by Philipp Grubauer without a rebound.
12:39 of 1st period - Trevor Zegras wins face-off versus Ryan Dzingel in TEXAS TOROS zone.
12:41 of 1st period - Tyson Barrie is hit by MacKenzie Entwistle and loses puck.
12:59 of 1st period - Icing by Dante Fabbro.
13:00 of 1st period - Trevor Zegras wins face-off versus Alexis Lafreniere in TEXAS TOROS zone.
13:43 of 1st period - Icing by Zach Aston-Reese.
13:44 of 1st period - Alexis Lafreniere wins face-off versus Eetu Luostarinen in KANSAS CITY KILLERBEES zone.
15:03 of 1st period - Shot by MacKenzie Entwistle.
15:03 of 1st period - Shot Misses the Net.
15:57 of 1st period - Shot by Vladislav Namestnikov.
15:57 of 1st period - Shot Blocked by Will Butcher.
16:46 of 1st period - Icing by Jacob Muzzin.
16:47 of 1st period - Eetu Luostarinen wins face-off versus Alexis Lafreniere in KANSAS CITY KILLERBEES zone.
17:15 of 1st period - Icing by Nate Schmidt.
17:16 of 1st period - Eetu Luostarinen wins face-off versus Yegor Sharangovich in TEXAS TOROS zone.
17:16 of 1st period - Barrett Hayton is hit by Mason Marchment and loses puck.
17:39 of 1st period - Yegor Sharangovich is hit by Ryan Suter and loses puck.
18:30 of 1st period - Shot by Jason Zucker.
18:30 of 1st period - Shot Blocked by Jakub Zboril.
18:43 of 1st period - Shot by Jason Zucker.
18:43 of 1st period - Shot Hit the Post.
18:54 of 1st period - Icing by Jakub Zboril.
18:55 of 1st period - Ryan Dzingel wins face-off versus Ryan Poehling in KANSAS CITY KILLERBEES zone.
18:55 of 1st period - Ryan Dzingel is hit by Brandon Duhaime.
18:58 of 1st period - MacKenzie Entwistle is hit by Brandon Duhaime and loses puck.
19:04 of 1st period - Minor Penalty to Jakub Zboril for High sticking.
19:05 of 1st period - Jason Zucker wins face-off versus James van Riemsdyk in KANSAS CITY KILLERBEES zone.
19:06 of 1st period - Shot by Trevor Zegras.
19:06 of 1st period - Goal by Trevor Zegras - KANSAS CITY KILLERBEES : 1 - TEXAS TOROS : 1.
19:07 of 1st period - Ryan Poehling wins face-off versus Yegor Sharangovich in neutral zone.
Goals for this period are 1 for KANSAS CITY KILLERBEES vs 1 for TEXAS TOROS.
Shots for this period are 4 for KANSAS CITY KILLERBEES vs 8 for TEXAS TOROS.

2nd period


0:01 of 2nd period - Trevor Zegras wins face-off versus Yegor Sharangovich in neutral zone.
0:22 of 2nd period - Shot by Trevor Zegras.
0:22 of 2nd period - Shot Blocked by Jacob Muzzin.
1:09 of 2nd period - Minor Penalty to Alexis Lafreniere for Holding.
1:10 of 2nd period - Barrett Hayton wins face-off versus Mason Marchment in KANSAS CITY KILLERBEES zone.
1:13 of 2nd period - Shot by Richard Panik.
1:13 of 2nd period - Stopped by Ilya Samsonov with a rebound.
1:37 of 2nd period - Shot by Tyson Barrie.
1:37 of 2nd period - Stopped by Ilya Samsonov without a rebound.
1:38 of 2nd period - James van Riemsdyk wins face-off versus Eetu Luostarinen in KANSAS CITY KILLERBEES zone.
1:49 of 2nd period - Shot by Tyson Barrie.
1:49 of 2nd period - Shot Blocked by Cam Fowler.
1:51 of 2nd period - Shot by Dante Fabbro.
1:51 of 2nd period - Shot Blocked by Yegor Sharangovich.
1:59 of 2nd period - Shot by Tyson Barrie.
1:59 of 2nd period - Shot Misses the Net.
2:06 of 2nd period - Shot by Dante Fabbro.
2:06 of 2nd period - Shot Blocked by Jacob Muzzin.
3:06 of 2nd period - Shot by Jake Lucchini.
3:06 of 2nd period - Deflect By Ryan Dzingel.
3:06 of 2nd period - Stopped by Philipp Grubauer without a rebound.
3:07 of 2nd period - Yegor Sharangovich wins face-off versus Trevor Zegras in TEXAS TOROS zone.
3:40 of 2nd period - Shot by Ryan Poehling.
3:40 of 2nd period - Stopped by Ilya Samsonov with a rebound.
4:19 of 2nd period - Ryan Suter is hit by Buddy Robinson and loses puck.
5:32 of 2nd period - Yegor Sharangovich is hit by Dante Fabbro and loses puck.
5:37 of 2nd period - Shot by Yegor Sharangovich.
5:37 of 2nd period - Stopped by Philipp Grubauer without a rebound.
5:38 of 2nd period - Ryan Dzingel wins face-off versus Eetu Luostarinen in TEXAS TOROS zone.
5:51 of 2nd period - Shot by Barrett Hayton.
5:51 of 2nd period - Shot Misses the Net.
6:07 of 2nd period - Shot by Ryan Dzingel.
6:07 of 2nd period - Stopped by Philipp Grubauer with a rebound.
7:21 of 2nd period - Ryan Suter is hit by Mason Marchment.
7:28 of 2nd period - Icing by Ryan Suter.
7:29 of 2nd period - Trevor Zegras wins face-off versus Alexis Lafreniere in TEXAS TOROS zone.
7:34 of 2nd period - Shot by Trevor Zegras.
7:34 of 2nd period - Shot Misses the Net.
7:36 of 2nd period - Shot by Ryan Suter.
7:36 of 2nd period - Stopped by Ilya Samsonov without a rebound.
7:37 of 2nd period - Alexis Lafreniere wins face-off versus Eetu Luostarinen in KANSAS CITY KILLERBEES zone.
7:37 of 2nd period - Alexis Lafreniere is hit by Barrett Hayton.
7:51 of 2nd period - Shot by Barrett Hayton.
7:51 of 2nd period - Shot Misses the Net.
7:53 of 2nd period - Shot by Eetu Luostarinen.
7:53 of 2nd period - Stopped by Ilya Samsonov without a rebound.
7:54 of 2nd period - Ryan Dzingel wins face-off versus Vladislav Namestnikov in KANSAS CITY KILLERBEES zone.
7:54 of 2nd period - Ryan Dzingel is hit by Trevor Zegras.
8:09 of 2nd period - Icing by Nate Schmidt.
8:10 of 2nd period - Trevor Zegras wins face-off versus Alexis Lafreniere in TEXAS TOROS zone.
8:20 of 2nd period - Icing by Alexis Lafreniere.
8:21 of 2nd period - Barrett Hayton wins face-off versus Alexis Lafreniere in KANSAS CITY KILLERBEES zone.
8:36 of 2nd period - Icing by Eetu Luostarinen.
8:37 of 2nd period - Yegor Sharangovich wins face-off versus Richard Panik in TEXAS TOROS zone.
8:38 of 2nd period - Shot by James van Riemsdyk.
8:38 of 2nd period - Stopped by Philipp Grubauer without a rebound.
8:39 of 2nd period - Trevor Zegras wins face-off versus James van Riemsdyk in TEXAS TOROS zone.
8:53 of 2nd period - Shot by Trevor Zegras.
8:53 of 2nd period - Stopped by Ilya Samsonov without a rebound.
8:54 of 2nd period - Eetu Luostarinen wins face-off versus Alexis Lafreniere in KANSAS CITY KILLERBEES zone.
8:54 of 2nd period - Richard Panik is hit by Jakub Zboril and loses puck.
9:06 of 2nd period - Icing by Jacob Muzzin.
9:07 of 2nd period - Trevor Zegras wins face-off versus Alexis Lafreniere in KANSAS CITY KILLERBEES zone.
9:07 of 2nd period - Trevor Zegras is hit by Jakub Zboril.
9:16 of 2nd period - Trevor Zegras is hit by Jacob Muzzin and loses puck.
9:36 of 2nd period - Shot by Trevor Zegras.
9:36 of 2nd period - Deflect By Vladislav Namestnikov.
9:36 of 2nd period - Stopped by Ilya Samsonov with a rebound.
9:38 of 2nd period - Shot by Ryan Suter.
9:38 of 2nd period - Goal by Ryan Suter - KANSAS CITY KILLERBEES : 1 - TEXAS TOROS : 2.
9:39 of 2nd period - Eetu Luostarinen wins face-off versus Yegor Sharangovich in neutral zone.
10:06 of 2nd period - Shot by Yegor Sharangovich.
10:06 of 2nd period - Stopped by Philipp Grubauer without a rebound.
10:07 of 2nd period - Ryan Poehling wins face-off versus Ryan Dzingel in TEXAS TOROS zone.
10:26 of 2nd period - Ryan Dzingel is hit by Brandon Duhaime and loses puck.
12:08 of 2nd period - Shot by Zach Aston-Reese.
12:08 of 2nd period - Stopped by Philipp Grubauer without a rebound.
12:09 of 2nd period - Eetu Luostarinen wins face-off versus Buddy Robinson in TEXAS TOROS zone.
12:15 of 2nd period - Icing by Dante Fabbro.
12:16 of 2nd period - Eetu Luostarinen wins face-off versus Alexis Lafreniere in TEXAS TOROS zone.
12:31 of 2nd period - Shot by Richard Panik.
12:31 of 2nd period - Stopped by Ilya Samsonov without a rebound.
12:32 of 2nd period - Ryan Poehling wins face-off versus Buddy Robinson in KANSAS CITY KILLERBEES zone.
12:37 of 2nd period - Shot by Taylor Raddysh.
12:37 of 2nd period - Stopped by Ilya Samsonov without a rebound.
12:38 of 2nd period - Eetu Luostarinen wins face-off versus Alexis Lafreniere in KANSAS CITY KILLERBEES zone.
12:52 of 2nd period - Shot by Barrett Hayton.
12:52 of 2nd period - Deflect By Richard Panik.
12:52 of 2nd period - Stopped by Ilya Samsonov without a rebound.
12:53 of 2nd period - Ryan Poehling wins face-off versus Yegor Sharangovich in KANSAS CITY KILLERBEES zone.
13:18 of 2nd period - Shot by Yegor Sharangovich.
13:18 of 2nd period - Shot Misses the Net.
13:30 of 2nd period - Shot by Mason Marchment.
13:30 of 2nd period - Deflect By James van Riemsdyk.
13:30 of 2nd period - Shot Misses the Net.
13:58 of 2nd period - Shot by Alexis Lafreniere.
13:58 of 2nd period - Shot Blocked by Tyson Barrie.
14:00 of 2nd period - Shot by Zach Aston-Reese.
14:00 of 2nd period - Shot Misses the Net.
14:02 of 2nd period - Shot by Jakub Zboril.
14:02 of 2nd period - Stopped by Philipp Grubauer without a rebound.
14:03 of 2nd period - Ryan Dzingel wins face-off versus Eetu Luostarinen in TEXAS TOROS zone.
14:11 of 2nd period - Icing by Barrett Hayton.
14:12 of 2nd period - Eetu Luostarinen wins face-off versus Buddy Robinson in TEXAS TOROS zone.
14:12 of 2nd period - Eetu Luostarinen is hit by Michael Chaput.
14:30 of 2nd period - Shot by Ryan Suter.
14:30 of 2nd period - Stopped by Ilya Samsonov without a rebound.
14:31 of 2nd period - Trevor Zegras wins face-off versus Zach Aston-Reese in KANSAS CITY KILLERBEES zone.
14:40 of 2nd period - Shot by Trevor Zegras.
14:40 of 2nd period - Deflect By Jason Zucker.
14:40 of 2nd period - Shot Blocked by Cam Fowler.
15:49 of 2nd period - Shot by Yegor Sharangovich.
15:49 of 2nd period - Shot Misses the Net.
17:04 of 2nd period - Tyson Barrie is hit by MacKenzie Entwistle and loses puck.
18:09 of 2nd period - Trevor Zegras is hit by Jakub Zboril and loses puck.
18:13 of 2nd period - Icing by Mason Marchment.
18:14 of 2nd period - Ryan Poehling wins face-off versus Yegor Sharangovich in KANSAS CITY KILLERBEES zone.
18:14 of 2nd period - Ryan Poehling is hit by Jakub Zboril.
18:46 of 2nd period - Shot by Ryan Poehling.
18:46 of 2nd period - Shot Blocked by Mason Marchment.
19:17 of 2nd period - Minor Penalty to Zach Aston-Reese for Cross-checking.
19:18 of 2nd period - Ryan Dzingel wins face-off versus Eetu Luostarinen in KANSAS CITY KILLERBEES zone.
19:39 of 2nd period - Shot by Barrett Hayton.
19:39 of 2nd period - Deflect By Eetu Luostarinen.
19:39 of 2nd period - Stopped by Ilya Samsonov without a rebound.
19:40 of 2nd period - Trevor Zegras wins face-off versus Alexis Lafreniere in KANSAS CITY KILLERBEES zone.
19:41 of 2nd period - Shot by Ryan Suter.
19:41 of 2nd period - Shot Misses the Net.
Goals for this period are 0 for KANSAS CITY KILLERBEES vs 1 for TEXAS TOROS.
Shots for this period are 7 for KANSAS CITY KILLERBEES vs 13 for TEXAS TOROS.

3rd period


0:01 of 3rd period - Mason Marchment wins face-off versus Trevor Zegras in neutral zone.
0:31 of 3rd period - Trevor Zegras is hit by K'Andre Miller and loses puck.
0:59 of 3rd period - Icing by Eetu Luostarinen.
1:00 of 3rd period - Eetu Luostarinen wins face-off versus James van Riemsdyk in TEXAS TOROS zone.
1:05 of 3rd period - Shot by Dante Fabbro.
1:05 of 3rd period - Shot Blocked by Cam Fowler.
1:07 of 3rd period - Shot by Tyson Barrie.
1:07 of 3rd period - Shot Misses the Net.
1:09 of 3rd period - Shot by Eetu Luostarinen.
1:09 of 3rd period - Shot Blocked by Jacob Muzzin.
1:11 of 3rd period - Shot by Eetu Luostarinen.
1:11 of 3rd period - Shot Misses the Net.
1:13 of 3rd period - Shot by Eetu Luostarinen.
1:13 of 3rd period - Stopped by Ilya Samsonov without a rebound.
1:14 of 3rd period - Eetu Luostarinen wins face-off versus Mason Marchment in KANSAS CITY KILLERBEES zone.
1:23 of 3rd period - Shot by Taylor Raddysh.
1:23 of 3rd period - Deflect By Ryan Poehling.
1:23 of 3rd period - Shot Misses the Net.
1:33 of 3rd period - Shot by Taylor Raddysh.
1:33 of 3rd period - Stopped by Ilya Samsonov without a rebound.
1:34 of 3rd period - Yegor Sharangovich wins face-off versus Eetu Luostarinen in KANSAS CITY KILLERBEES zone.
1:59 of 3rd period - Shot by Yegor Sharangovich.
1:59 of 3rd period - Stopped by Philipp Grubauer with a rebound.
2:01 of 3rd period - Shot by Mason Marchment.
2:01 of 3rd period - Goal by Mason Marchment - KANSAS CITY KILLERBEES : 2 - TEXAS TOROS : 2.
2:02 of 3rd period - Ryan Dzingel wins face-off versus Trevor Zegras in neutral zone.
2:13 of 3rd period - Anders Bjork is hit by Tyson Barrie and loses puck.
2:16 of 3rd period - Shot by Anders Bjork.
2:16 of 3rd period - Stopped by Philipp Grubauer without a rebound.
2:17 of 3rd period - Ryan Poehling wins face-off versus Alexis Lafreniere in TEXAS TOROS zone.
2:24 of 3rd period - K'Andre Miller is hit by Brandon Duhaime and loses puck.
2:28 of 3rd period - Minor Penalty to Brandon Duhaime for High sticking.
2:29 of 3rd period - Ryan Dzingel wins face-off versus Trevor Zegras in TEXAS TOROS zone.
3:12 of 3rd period - Shot by Cam Fowler.
3:12 of 3rd period - Stopped by Philipp Grubauer without a rebound.
3:13 of 3rd period - James van Riemsdyk wins face-off versus Vladislav Namestnikov in TEXAS TOROS zone.
3:26 of 3rd period - Shot by K'Andre Miller.
3:26 of 3rd period - Shot Blocked by Dante Fabbro.
4:38 of 3rd period - Shot by Buddy Robinson.
4:38 of 3rd period - Stopped by Philipp Grubauer without a rebound.
4:39 of 3rd period - Connor Bunnaman wins face-off versus Buddy Robinson in TEXAS TOROS zone.
4:39 of 3rd period - Connor Bunnaman is hit by Buddy Robinson.
4:57 of 3rd period - Shot by Jacob Muzzin.
4:57 of 3rd period - Shot Blocked by Owen Power.
4:59 of 3rd period - Shot by Jacob Muzzin.
4:59 of 3rd period - Shot Misses the Net.
5:01 of 3rd period - Shot by Buddy Robinson.
5:01 of 3rd period - Shot Blocked by Owen Power.
5:05 of 3rd period - Shot by Michael Chaput.
5:05 of 3rd period - Stopped by Philipp Grubauer without a rebound.
5:06 of 3rd period - Alexis Lafreniere wins face-off versus Trevor Zegras in TEXAS TOROS zone.
5:56 of 3rd period - Shot by Mason Marchment.
5:56 of 3rd period - Shot Misses the Net.
6:41 of 3rd period - Minor Penalty to MacKenzie Entwistle for Hooking.
6:42 of 3rd period - Eetu Luostarinen wins face-off versus Mason Marchment in KANSAS CITY KILLERBEES zone.
6:43 of 3rd period - Shot by Tyson Barrie.
6:43 of 3rd period - Shot Misses the Net.
6:45 of 3rd period - Shot by Barrett Hayton.
6:45 of 3rd period - Goal by Barrett Hayton - KANSAS CITY KILLERBEES : 2 - TEXAS TOROS : 3.
6:46 of 3rd period - Ryan Dzingel wins face-off versus Eetu Luostarinen in neutral zone.
6:49 of 3rd period - Eetu Luostarinen is hit by MacKenzie Entwistle and loses puck.
7:15 of 3rd period - Shot by Barrett Hayton.
7:15 of 3rd period - Stopped by Ilya Samsonov without a rebound.
7:16 of 3rd period - Ryan Poehling wins face-off versus Alexis Lafreniere in KANSAS CITY KILLERBEES zone.
7:45 of 3rd period - Minor Penalty to Zach Aston-Reese for Hooking.
7:46 of 3rd period - Eetu Luostarinen wins face-off versus Mason Marchment in KANSAS CITY KILLERBEES zone.
7:46 of 3rd period - Richard Panik is hit by K'Andre Miller and loses puck.
7:59 of 3rd period - K'Andre Miller is hit by Eetu Luostarinen and loses puck.
8:49 of 3rd period - Icing by Nate Schmidt.
8:50 of 3rd period - Trevor Zegras wins face-off versus James van Riemsdyk in TEXAS TOROS zone.
8:57 of 3rd period - Shot by Nate Schmidt.
8:57 of 3rd period - Shot Misses the Net.
9:19 of 3rd period - Shot by Ryan Suter.
9:19 of 3rd period - Stopped by Ilya Samsonov without a rebound.
9:20 of 3rd period - Eetu Luostarinen wins face-off versus Mason Marchment in KANSAS CITY KILLERBEES zone.
10:05 of 3rd period - Zach Aston-Reese is hit by Brandon Duhaime and loses puck.
10:56 of 3rd period - Shot by Yegor Chinakhov.
10:56 of 3rd period - Goal by Yegor Chinakhov - KANSAS CITY KILLERBEES : 2 - TEXAS TOROS : 4.
10:57 of 3rd period - Eetu Luostarinen wins face-off versus Ryan Dzingel in neutral zone.
11:26 of 3rd period - Shot by Ryan Dzingel.
11:26 of 3rd period - Stopped by Philipp Grubauer without a rebound.
11:27 of 3rd period - Trevor Zegras wins face-off versus Yegor Sharangovich in TEXAS TOROS zone.
12:06 of 3rd period - Shot by Trevor Zegras.
12:06 of 3rd period - Stopped by Ilya Samsonov without a rebound.
12:07 of 3rd period - Alexis Lafreniere wins face-off versus Eetu Luostarinen in KANSAS CITY KILLERBEES zone.
13:21 of 3rd period - Shot by Ryan Poehling.
13:21 of 3rd period - Shot Misses the Net.
13:23 of 3rd period - Shot by Owen Power.
13:23 of 3rd period - Stopped by Ilya Samsonov with a rebound.
13:44 of 3rd period - Icing by Will Butcher.
13:45 of 3rd period - Trevor Zegras wins face-off versus Ryan Dzingel in KANSAS CITY KILLERBEES zone.
13:50 of 3rd period - Shot by Jason Zucker.
13:50 of 3rd period - Stopped by Ilya Samsonov without a rebound.
13:51 of 3rd period - Mason Marchment wins face-off versus Trevor Zegras in KANSAS CITY KILLERBEES zone.
14:08 of 3rd period - Shot by James van Riemsdyk.
14:08 of 3rd period - Stopped by Philipp Grubauer with a rebound.
14:10 of 3rd period - Shot by Yegor Sharangovich.
14:10 of 3rd period - Stopped by Philipp Grubauer with a rebound.
14:12 of 3rd period - Shot by Yegor Sharangovich.
14:12 of 3rd period - Deflect By James van Riemsdyk.
14:12 of 3rd period - Shot Misses the Net.
14:14 of 3rd period - Shot by Mason Marchment.
14:14 of 3rd period - Stopped by Philipp Grubauer with a rebound.
14:16 of 3rd period - Shot by Yegor Sharangovich.
14:16 of 3rd period - Shot Misses the Net.
14:18 of 3rd period - Shot by Mason Marchment.
14:18 of 3rd period - Deflect By Yegor Sharangovich.
14:18 of 3rd period - Goal by Yegor Sharangovich - KANSAS CITY KILLERBEES : 3 - TEXAS TOROS : 4.
14:19 of 3rd period - Eetu Luostarinen wins face-off versus Jake Lucchini in neutral zone.
14:19 of 3rd period - Barrett Hayton is hit by Buddy Robinson and loses puck.
14:34 of 3rd period - Off-side.
14:35 of 3rd period - Ryan Poehling wins face-off versus Alexis Lafreniere in neutral zone.
15:04 of 3rd period - Shot by Alexis Lafreniere.
15:04 of 3rd period - Stopped by Philipp Grubauer with a rebound.
15:30 of 3rd period - Dante Fabbro is hit by Zach Aston-Reese and loses puck.
16:10 of 3rd period - Shot by Mason Marchment.
16:10 of 3rd period - Stopped by Philipp Grubauer with a rebound.
16:22 of 3rd period - K'Andre Miller is hit by Eetu Luostarinen and loses puck.
16:37 of 3rd period - Will Butcher is hit by Barrett Hayton and loses puck.
16:45 of 3rd period - Icing by Will Butcher.
16:46 of 3rd period - Ryan Dzingel wins face-off versus Trevor Zegras in KANSAS CITY KILLERBEES zone.
16:53 of 3rd period - Shot by Trevor Zegras.
16:53 of 3rd period - Deflect By Vladislav Namestnikov.
16:53 of 3rd period - Shot Misses the Net.
16:55 of 3rd period - Shot by Owen Power.
16:55 of 3rd period - Stopped by Ilya Samsonov without a rebound.
16:56 of 3rd period - Connor Bunnaman wins face-off versus Buddy Robinson in KANSAS CITY KILLERBEES zone.
17:16 of 3rd period - Off-side.
17:17 of 3rd period - Ryan Dzingel wins face-off versus Trevor Zegras in neutral zone.
17:24 of 3rd period - Shot by Anders Bjork.
17:24 of 3rd period - Shot Misses the Net.
17:54 of 3rd period - Icing by Jason Zucker.
17:55 of 3rd period - Trevor Zegras wins face-off versus Yegor Sharangovich in TEXAS TOROS zone.
17:55 of 3rd period - Trevor Zegras is hit by Mason Marchment.
18:07 of 3rd period - Shot by Trevor Zegras.
18:07 of 3rd period - Stopped by Ilya Samsonov without a rebound.
18:08 of 3rd period - Eetu Luostarinen wins face-off versus Alexis Lafreniere in KANSAS CITY KILLERBEES zone.
18:11 of 3rd period - Shot by Eetu Luostarinen.
18:11 of 3rd period - Stopped by Ilya Samsonov with a rebound.
18:13 of 3rd period - Shot by Eetu Luostarinen.
18:13 of 3rd period - Stopped by Ilya Samsonov without a rebound.
18:14 of 3rd period - Eetu Luostarinen wins face-off versus Mason Marchment in KANSAS CITY KILLERBEES zone.
18:37 of 3rd period - Shot by Barrett Hayton.
18:37 of 3rd period - Goal by Barrett Hayton - KANSAS CITY KILLERBEES : 3 - TEXAS TOROS : 5.
18:38 of 3rd period - Ryan Poehling wins face-off versus Ryan Dzingel in neutral zone.
18:55 of 3rd period - Shot by Taylor Raddysh.
18:55 of 3rd period - Shot Misses the Net.
18:57 of 3rd period - Shot by Tyson Barrie.
18:57 of 3rd period - Shot Misses the Net.
19:09 of 3rd period - Shot by Taylor Raddysh.
19:09 of 3rd period - Stopped by Ilya Samsonov without a rebound.
19:10 of 3rd period - Eetu Luostarinen wins face-off versus Yegor Sharangovich in KANSAS CITY KILLERBEES zone.
19:17 of 3rd period - Shot by Eetu Luostarinen.
19:17 of 3rd period - Shot Misses the Net.
19:19 of 3rd period - Shot by Ryan Suter.
19:19 of 3rd period - Shot Misses the Net.
Goals for this period are 2 for KANSAS CITY KILLERBEES vs 3 for TEXAS TOROS.
Shots for this period are 13 for KANSAS CITY KILLERBEES vs 15 for TEXAS TOROS.


NATHAN
MACKINNON
PHILLIP
DANAULT
CONNOR
MCDAVID

EAST COAST

HOCKEY LEAGUE

  • 25.QUE4CHI5
  • 26.CHA2LIM3
  • 27.TRV2LON3
  • 28.CHW4BAL2
  • 29.PITMAN
  • 30.ATLNHW
  • 31.WORPET
  • 32.RHI